[ AOE2 MATCH · #474147760 ]
UnrankedSpanish vs Franks
Player's team · LOSS
Rival team · WIN
[ REPLAY ANALYSIS · EXTRACTED FROM THE RECORDED GAME ]
Feudal
10:34
Castle
18:40
Imperial
36:37
| APM avg | 47.8 |
| APM peak | 103 |
| eAPM avg | 22.0 |
| Villagers / military | 124 / 189 |
Focus
⚔️ 32.9% · 🌾 67.1%
Conquistador ×121 · Scorpion ×49 · Bombard Cannon ×7 · Mangonel ×5 · Monk ×3 · Spearman ×3
Feudal
—
Castle
—
Imperial
—
| APM avg | 22.2 |
| APM peak | 54 |
| eAPM avg | 14.7 |
| Villagers / military | 140 / 188 |
Focus
⚔️ 39.5% · 🌾 60.5%
Knight ×123 · Skirmisher ×39 · Archer ×15 · Throwing Axeman ×5 · Trebuchet (Packed) ×3 · Spearman ×2
Match map
Initial resources + every placement click. Lines = walls · curves = elevation contours. ◆ gold · ⬟ stone · ● berries · ✦ relic · ◌ wall gap
Your base· ✓ Closed at 18:40 · 51t walls · 1 gate(s)
gabriel4351's base· Open — unwalled flank
Smoothed initial terrain · ◌ = detected wall gap · hover for details
Inputs per minute
— Huesero - - gabriel4351
Build order — Huesero
First 150 of 472 actions detected
| 0:02 | Build | House |
| 0:04 | Build | House |
| 0:04 | Create | Villager (Male) |
| 0:04 | Create | Villager (Male) |
| 0:05 | Create | Villager (Male) |
| 0:34 | Create | Villager (Male) |
| 0:34 | Create | Villager (Male) |
| 1:38 | Create | Villager (Male) |
| 1:38 | Create | Villager (Male) |
| 1:50 | Build | Lumber Camp |
| 1:54 | Create | Villager (Male) |
| 2:25 | Create | Villager (Male) |
| 2:25 | Create | Villager (Male) |
| 2:49 | Create | Villager (Male) |
| 2:49 | Create | Villager (Male) |
| 3:08 | Create | Villager (Male) |
| 3:08 | Create | Villager (Male) |
| 3:08 | Create | Villager (Male) |
| 3:27 | Build | House |
| 3:31 | Build | House |
| 3:38 | Create | Villager (Male) |
| 3:38 | Create | Villager (Male) |
| 4:02 | Create | Villager (Male) |
| 4:02 | Create | Villager (Male) |
| 4:27 | Build | Palisade Wall |
| 4:28 | Build | Palisade Wall |
| 4:35 | Build | Mill |
| 4:39 | Build | Mill |
| 4:42 | Create | Villager (Male) |
| 4:42 | Create | Villager (Male) |
| 4:45 | Create | Villager (Male) |
| 5:16 | Build | Palisade Wall |
| 5:17 | Build | Palisade Wall |
| 5:27 | Create | Villager (Male) |
| 5:27 | Create | Villager (Male) |
| 5:27 | Create | Villager (Male) |
| 5:54 | Create | Villager (Male) |
| 5:54 | Create | Villager (Male) |
| 6:27 | Create | Villager (Male) |
| 6:27 | Create | Villager (Male) |
| 6:28 | Create | Villager (Male) |
| 6:35 | Build | Mining Camp |
| 6:50 | Build | Palisade Wall |
| 7:03 | Create | Villager (Male) |
| 7:46 | Research | Loom |
| 7:49 | Build | House |
| 7:52 | Build | Palisade Wall |
| 8:24 | Research | Feudal Age |
| 8:25 | Research | Feudal Age |
| 8:50 | Build | Palisade Wall |
| 9:01 | Build | Palisade Wall |
| 9:57 | Build | House |
| 10:07 | Build | House |
| 10:12 | Build | Barracks |
| 10:14 | Create | Villager (Male) |
| 10:28 | Create | Villager (Male) |
| 10:32 | Build | Palisade Wall |
| 10:34 | Age | Feudal Age |
| 10:52 | Research | Double-Bit Axe |
| 11:16 | Build | Mill |
| 11:23 | Create | Villager (Male) |
| 11:44 | Create | Spearman |
| 11:50 | Create | Villager (Male) |
| 12:13 | Create | Villager (Male) |
| 12:25 | Create | Spearman |
| 12:40 | Create | Villager (Male) |
| 12:49 | Build | Blacksmith |
| 12:51 | Build | House |
| 12:52 | Build | House |
| 13:04 | Build | Lumber Camp |
| 13:05 | Create | Villager (Male) |
| 13:11 | Build | Market |
| 13:23 | Create | Villager (Male) |
| 13:33 | Create | Spearman |
| 13:55 | Create | Villager (Male) |
| 14:06 | Build | Palisade Gate |
| 14:14 | Build | Palisade Wall |
| 14:19 | Build | Palisade Wall |
| 14:20 | Create | Villager (Male) |
| 14:23 | Build | Farm |
| 14:35 | Create | Villager (Male) |
| 14:56 | Create | Villager (Male) |
| 15:11 | Build | Farm |
| 15:14 | Build | Farm |
| 15:20 | Build | Farm |
| 15:23 | Create | Villager (Male) |
| 15:38 | Build | Farm |
| 15:56 | Research | Castle Age |
| 16:03 | Build | Farm |
| 16:19 | Build | Mining Camp |
| 16:30 | Build | Farm |
| 16:31 | Build | Farm |
| 16:47 | Build | Farm |
| 16:58 | Build | Stable |
| 17:11 | Build | Watch Tower |
| 17:29 | Research | Stone Mining |
| 18:08 | Research | Gold Mining |
| 18:28 | Create | Villager (Male) |
| 18:33 | Research | Scale Barding Armor |
| 18:36 | Research | Bloodlines |
| 18:40 | Age | Castle Age |
| 19:00 | Create | Villager (Male) |
| 19:10 | Build | Farm |
| 19:19 | Create | Villager (Male) |
| 19:28 | Build | Monastery |
| 19:34 | Build | Monastery |
| 19:37 | Build | Farm |
| 19:41 | Research | Bow Saw |
| 19:46 | Create | Villager (Male) |
| 20:20 | Build | Castle |
| 20:26 | Create | Villager (Male) |
| 20:34 | Create | Missionary |
| 20:58 | Create | Villager (Male) |
| 20:58 | Create | Villager (Male) |
| 21:03 | Research | Husbandry |
| 21:42 | Build | Town Center |
| 21:53 | Create | Villager (Male) |
| 21:57 | Create | Conquistador |
| 21:57 | Create | Conquistador |
| 21:58 | Create | Conquistador |
| 22:14 | Create | Villager (Male) |
| 22:34 | Create | Conquistador |
| 22:44 | Create | Villager (Male) |
| 22:47 | Build | Farm |
| 22:50 | Build | Farm |
| 22:51 | Build | Farm |
| 22:53 | Build | Farm |
| 22:54 | Build | Farm |
| 23:01 | Create | Conquistador |
| 23:25 | Build | Farm |
| 23:27 | Create | Villager (Male) |
| 23:53 | Create | Conquistador |
| 23:54 | Create | Conquistador |
| 23:58 | Build | Farm |
| 24:12 | Build | Siege Workshop |
| 24:24 | Create | Conquistador |
| 24:24 | Create | Conquistador |
| 24:31 | Build | Farm |
| 24:33 | Create | Mangonel |
| 24:37 | Create | Mangonel |
| 24:40 | Create | Villager (Male) |
| 24:44 | Create | Villager (Male) |
| 24:44 | Create | Villager (Male) |
| 25:19 | Build | Farm |
| 25:20 | Create | Villager (Male) |
| 25:20 | Create | Villager (Male) |
| 25:34 | Create | Villager (Male) |
| 25:55 | Create | Conquistador |
| 25:58 | Create | Monk |
| 26:01 | Build | Farm |
Build order — gabriel4351
First 150 of 480 actions detected
| 0:01 | Create | Villager (Male) |
| 0:01 | Create | Villager (Male) |
| 0:02 | Create | Villager (Male) |
| 0:02 | Create | Villager (Male) |
| 0:03 | Build | House |
| 0:04 | Build | House |
| 1:24 | Create | Villager (Male) |
| 1:48 | Build | Lumber Camp |
| 2:01 | Create | Villager (Male) |
| 2:46 | Create | Villager (Male) |
| 2:46 | Create | Villager (Male) |
| 3:11 | Create | Villager (Male) |
| 3:12 | Create | Villager (Male) |
| 3:12 | Create | Villager (Male) |
| 3:20 | Build | House |
| 3:43 | Create | Villager (Male) |
| 3:43 | Create | Villager (Male) |
| 4:08 | Build | Mill |
| 4:34 | Create | Villager (Male) |
| 4:50 | Create | Villager (Male) |
| 5:28 | Create | Villager (Male) |
| 5:29 | Create | Villager (Male) |
| 5:44 | Create | Villager (Male) |
| 6:29 | Create | Villager (Male) |
| 6:39 | Research | Loom |
| 7:13 | Build | House |
| 7:18 | Build | Barracks |
| 7:26 | Build | Barracks |
| 9:14 | Create | Villager (Male) |
| 9:14 | Research | Feudal Age |
| 9:47 | Build | House |
| 10:28 | Build | House |
| 10:48 | Build | Farm |
| 10:51 | Build | Farm |
| 11:20 | Build | House |
| 11:23 | Create | Villager (Male) |
| 11:23 | Create | Villager (Male) |
| 11:26 | Research | Double-Bit Axe |
| 11:26 | Research | Double-Bit Axe |
| 11:32 | Build | Stable |
| 11:49 | Create | Villager (Male) |
| 11:53 | Build | Farm |
| 11:55 | Build | Farm |
| 11:59 | Build | Farm |
| 12:20 | Create | Villager (Male) |
| 12:46 | Build | Mining Camp |
| 12:55 | Build | Archery Range |
| 13:02 | Create | Villager (Male) |
| 13:19 | Create | Villager (Male) |
| 13:26 | Create | Spearman |
| 13:27 | Create | Spearman |
| 13:31 | Create | Villager (Male) |
| 13:43 | Build | House |
| 13:46 | Create | Villager (Male) |
| 14:06 | Build | Farm |
| 14:16 | Build | Farm |
| 14:19 | Build | Farm |
| 14:26 | Build | Farm |
| 14:35 | Create | Villager (Male) |
| 14:37 | Create | Archer |
| 14:54 | Create | Villager (Male) |
| 15:02 | Create | Archer |
| 15:33 | Build | Blacksmith |
| 15:39 | Create | Villager (Male) |
| 15:39 | Create | Villager (Male) |
| 15:47 | Build | Farm |
| 15:55 | Build | Farm |
| 16:07 | Create | Archer |
| 16:08 | Create | Archer |
| 16:26 | Create | Villager (Male) |
| 16:33 | Build | Farm |
| 16:45 | Build | House |
| 16:49 | Build | Farm |
| 16:52 | Create | Villager (Male) |
| 17:00 | Build | Farm |
| 17:06 | Create | Archer |
| 17:09 | Research | Fletching |
| 17:27 | Create | Archer |
| 17:32 | Build | Farm |
| 17:39 | Create | Villager (Male) |
| 17:59 | Create | Villager (Male) |
| 18:01 | Create | Archer |
| 18:09 | Research | Castle Age |
| 18:35 | Build | Archery Range |
| 19:23 | Build | House |
| 19:26 | Build | House |
| 19:36 | Create | Archer |
| 19:37 | Create | Archer |
| 19:37 | Create | Archer |
| 19:38 | Create | Archer |
| 19:39 | Create | Archer |
| 20:22 | Create | Villager (Male) |
| 20:27 | Create | Archer |
| 20:28 | Create | Archer |
| 20:29 | Create | Archer |
| 20:32 | Create | Villager (Male) |
| 20:37 | Research | Gold Mining |
| 20:41 | Research | Padded Archer Armor |
| 21:17 | Create | Villager (Male) |
| 21:18 | Research | Bow Saw |
| 21:30 | Build | Town Center |
| 21:42 | Create | Villager (Male) |
| 22:17 | Create | Villager (Male) |
| 22:25 | Research | Crossbowman (upgrade) |
| 23:00 | Create | Villager (Male) |
| 23:08 | Build | Town Center |
| 23:11 | Create | Villager (Male) |
| 23:16 | Create | Knight |
| 23:16 | Create | Knight |
| 23:17 | Create | Knight |
| 23:48 | Build | Farm |
| 24:08 | Build | Farm |
| 24:10 | Create | Villager (Male) |
| 24:10 | Create | Villager (Male) |
| 24:10 | Create | Villager (Male) |
| 24:11 | Create | Villager (Male) |
| 24:11 | Create | Villager (Male) |
| 24:19 | Build | Farm |
| 24:20 | Build | Farm |
| 24:20 | Build | Farm |
| 24:20 | Build | Farm |
| 24:21 | Build | Farm |
| 24:24 | Create | Knight |
| 24:24 | Create | Knight |
| 24:24 | Create | Knight |
| 24:33 | Build | Farm |
| 24:36 | Create | Villager (Male) |
| 24:42 | Create | Villager (Male) |
| 25:25 | Create | Villager (Male) |
| 25:26 | Create | Villager (Male) |
| 25:26 | Create | Villager (Male) |
| 25:31 | Build | House |
| 25:32 | Build | House |
| 25:33 | Build | House |
| 25:34 | Build | House |
| 25:35 | Build | House |
| 25:39 | Build | Farm |
| 26:30 | Create | Villager (Male) |
| 26:30 | Create | Villager (Male) |
| 26:31 | Create | Villager (Male) |
| 26:32 | Create | Villager (Male) |
| 26:33 | Create | Villager (Male) |
| 26:33 | Create | Villager (Male) |
| 26:36 | Build | Farm |
| 26:38 | Build | Farm |
| 26:39 | Create | Villager (Male) |
| 27:06 | Build | House |
| 27:12 | Build | Lumber Camp |
| 27:20 | Create | Knight |
| 27:20 | Create | Knight |
Match timeline
| 4:27 | Huesero · wall_segment Palisade Wall x6 |
| 4:28 | Huesero · wall_segment Palisade Wall x1 |
| 5:16 | Huesero · wall_segment Palisade Wall x3 |
| 5:17 | Huesero · wall_segment Palisade Wall x1 |
| 6:50 | Huesero · wall_segment Palisade Wall x14 |
| 7:18 | gabriel4351 · first_building Barracks |
| 7:52 | Huesero · wall_segment Palisade Wall x7 |
| 8:50 | Huesero · wall_segment Palisade Wall x3 |
| 9:01 | Huesero · wall_segment Palisade Wall x8 |
| 10:12 | Huesero · first_building Barracks |
| 10:32 | Huesero · wall_segment Palisade Wall x1 |
| 10:34 | Huesero · age_up feudal |
| 11:32 | gabriel4351 · first_building Stable |
| 12:55 | gabriel4351 · first_building Archery Range |
| 14:14 | Huesero · wall_segment Palisade Wall x4 |
| 14:19 | Huesero · wall_segment Palisade Wall x3 |
| 15:30 | Huesero · first_market_buy 100 food |
| 16:58 | Huesero · first_building Stable |
| 18:40 | Huesero · age_up castle |
| 19:28 | Huesero · first_building Monastery |
| 20:20 | Huesero · first_building Castle |
| 24:12 | Huesero · first_building Siege Workshop |
| 32:09 | gabriel4351 · first_building Monastery |
| 32:47 | gabriel4351 · first_building Castle |
| 36:37 | Huesero · age_up imperial |
| 40:26 | gabriel4351 · first_building Siege Workshop |
| 48:09 | Huesero · first_market_sell 100 food |
| 53:08 | Huesero · resign |
[ AI ANALYSIS · 1 CREDIT ]
What really happened in this match?
Wolo.gg analyzes every decision: build order, eco, micro, common mistakes by bracket. Personalized analysis on WhatsApp or Discord in 30 seconds.
Civ guide
Spanish
Perfil
Jugador #11477472